 Dungeon Crawl Stone Soup version 0.31-a0-868-g674d60d6f7 (webtiles) character file.

Game seed: 995856031846474964

44 Fodor the Covered (level 3, -2/33 HPs)
             Began as a Minotaur Fighter on Oct 11, 2023.
             Killed by nerve-wracking pain
             ... invoked by Jessica
              (6 damage)
             ... on level 2 of the Dungeon.
             The game lasted 00:05:40 (1392 turns).

Fodor the Covered (Minotaur Fighter)                Turns: 1392, Time: 00:05:41

Health: -2/33      AC:  0    Str: 22    XL:     3   Next: 41%
Magic:  2/2        EV: 13    Int:  5    God:
Gold:   41         SH:  0    Dex:  9    Spells: 2/2 levels left

rFire   . . .        a - melded +0 long sword
rCold   . . .        c - melded +0 buckler
rNeg    . . .        b - melded +0 scale mail
rPois   .            (helmet currently unavailable)
rElec   .            (cloak currently unavailable)
rCorr   .            (gloves currently unavailable)
SInv    .            (boots currently unavailable)
Will    .....        (no amulet)
Stlth   +            p - melded ring of protection from fire
HPRegen 0.25/turn    (ring currently unavailable)
MPRegen 0.08/turn

%: no passive effects
@: pig-form, very quick
A: fast, no casting, small, (horns 2), (retaliatory headbutt)
a: no special abilities


You were on level 2 of the Dungeon.
You were a filthy swine.
You visited 1 branch of the dungeon, and saw 2 of its levels.

You collected 41 gold pieces.

Inventory:

Hand Weapons
 a - a +0 long sword (melded)
Missiles
 i - 3 poisoned darts (quivered)
Armour
 b - a +0 scale mail (melded)
 c - a +0 buckler (melded)
Jewellery
 p - a ring of protection from fire (melded)
Talismans
 r - a maw talisman
Scrolls
 e - 2 scrolls of identify {unknown}
 f - a scroll of amnesia {unknown}
 g - a scroll of noise {unknown}
 h - a scroll of fear {unknown}
 j - a scroll of revelation {unknown}
 k - a scroll of vulnerability {unknown}
 m - a scroll of enchant weapon {unknown}
 n - a scroll of immolation {unknown}
Potions
 d - a potion of might
 l - a potion of resistance {unknown}
 o - 2 potions of cancellation {unknown}
 q - a potion of lignification {unknown}


   Skills:
 + Level 4.0 Fighting
 + Level 2.9 Long Blades
 + Level 4.4 Armour
 + Level 0.5 Dodging
 + Level 4.0 Shields


You had 2 spell levels left.
You didn't know any spells.
Your spell library was empty.

Dungeon Overview and Level Annotations

Branches:
Dungeon (2/15)

Altars:

Annotations:
D:2 Jessica


Innate Abilities, Weirdness & Mutations

You are a filthy swine.
You move quickly.
Your equipment is almost entirely melded.
You are incapable of wielding weapons or throwing items.
You cannot cast spells.
((You have a pair of horns on your head.))
((You reflexively headbutt those who attack you in melee.))


Message History

You hit Jessica.
Jessica is almost dead.
You feel very sick.
Jessica mumbles some strange words.
Jessica blinks!
Jessica casts a spell at you.
You feel yourself slow down.
You feel very sick.
You hit Jessica.
Jessica is almost dead.
* * * LOW HITPOINT WARNING * * *
You feel very sick.
Jessica gestures wildly while chanting.
Jessica blinks!
Jessica mumbles some strange words.
Jessica blinks!
Found a lumpy blue potion.
* * * LOW HITPOINT WARNING * * *
You feel sick.
Found a stone.
You feel sick.
Jessica zaps a wand.
You turn into a filthy swine.
Your +0 long sword melds into your body.
Your +0 buckler melds into your body.
Your +0 scale mail melds into your body.
Your ring of protection from fire melds into your body.
You feel sick.
You feel sick.
Jessica mumbles something strange.
You feel sick.
You are no longer poisoned.
You see here a +0 spear.
You feel yourself speed up.
Jessica grins evilly.
Jessica casts a spell.
Jessica seems to speed up.
Jessica mumbles some strange words.
Jessica blinks!
Jessica casts a spell at you. Pain shoots through your body!
You die...

#.#####.#.....###......##.
#...............+<.....+..
#######......<###......#..
#....###### #......#.. #.##.#
##......#.# ############.##.#
#.........# ....?......#.##.#
#.#########
..########.#.##.#######.#########
#.......).....@.h................
#################################
###### #....# #....####### ##
#........... #. #....####### #.
#....# .# ##. ##..<.# #.# #..


You could see Jessica (fast).

Vanquished Creatures
  A worm (D:2)
  A dart slug (D:1)
  5 endoplasms (D:1)
  2 giant cockroaches (D:1)
  2 goblins
  2 hobgoblins (D:1)
  3 jackals (D:1)
  4 quokkas (D:1)
  A ball python (D:1)
  2 bats
  2 frilled lizards
  6 kobolds (D:1)
  5 rats
36 creatures vanquished.

Notes
Turn   | Place    | Note
-------+----------+-------------------------------------------
     0 | D:1      | Fodor the Minotaur Fighter began the quest for the Orb.
     0 | D:1      | Reached XP level 1. HP: 19/19 MP: 0/0
   458 | D:1      | Reached XP level 2. HP: 25/27 MP: 1/1
   675 | D:1      | Found a faded altar of an unknown god.
   785 | D:1      | Reached XP level 3. HP: 27/33 MP: 2/2
  1363 | D:2      | Noticed Jessica
  1392 | D:2      | Killed from afar by Jessica

Illustrated notes

Levels and vault maps discovered:
D:1:      amcnicky_arrival_abandoned_market, layout_basic,
          hellmonk_ecumenical_altar_prayer_group
D:2:      layout_basic, uniq_sigmund, uniq_jessica

Skill      XL: |  1  2 |
---------------+-------+-----
Armour         | 4 |  4.4
Shields        | 4 |  4.0
Fighting       | 4 |  4.0
Long Blades    | |  2.9
Dodging        | |  0.5

Action                     || total
---------------------------++-------
  Melee: Long sword        ||    67
         Headbutt          ||    12
 Armour: Scale mail        ||    56
  Dodge: Dodged            ||    29
  Block: Buckler           ||    18

Table legend: (Time is in decaauts)
 A = Elapsed time spent in this place.
 B = Non-inter-level travel time spent in this place.
 C = Inter-level travel time spent in this place.
 D = Time resting spent in this place.
 E = Time spent auto-exploring this place.
 F = Levels seen in this place.
 G = Mean time per level.
                   A        B        C        D        E       F      G
               +--------+--------+--------+--------+--------+-----+--------+
         Total |   1412 |   1357 |     55 |    382 |      0 |   2 |  706.0 |
       Dungeon |   1412 |   1357 |     55 |    382 |      0 |   2 |  706.0 |
               +--------+--------+--------+--------+--------+-----+--------+

Top non-repeatable levels by time:
     D:1: 1154 daAuts
     D:2: 258 daAuts
